 Dungeon Crawl Stone Soup version 0.24.0-123-gd5b16e6ec5 (webtiles) character file.

Game seed: 13635161996261558881, levelgen mode: deterministic

22275 Gildeon the Severer (level 12, 0/106 HPs)
             Began as a Minotaur Fighter on Dec 19, 2019.
             Was the Champion of Makhleb.
             Slain by an eight-headed hydra (7 damage)
             ... on level 15 of the Dungeon on Dec 20, 2019.
             The game lasted 00:45:43 (13545 turns).

Gildeon the Severer (Minotaur Fighter)             Turns: 13545, Time: 00:45:44

Health: 0/106      AC: 16    Str: 34    XL:     12   Next: 61%
Magic:  11/11      EV: 11    Int:  5    God:    Makhleb [******]
Gold:   1038       SH: 14    Dex: 13    Spells: 11/11 levels left

rFire    . . .     SeeInvis .   N - +1 morningstar (protect) (curse)
rCold    . . .     Gourm    .   c - +0 shield
rNeg     + . .     Faith    +   g - +0 plate armour
rPois    +         Spirit   .   (helmet restricted)
rElec    .         Reflect  .   z - scarf {cloud immunity}
rCorr    .         Harm     .   S - +1 pair of gloves
MR       .....                  (no boots)
Stlth    ..........             P - amulet of the Foremost People {Faith rPois Dex+2}
HPRegen  0.27/turn              w - ring of positive energy
MPRegen  0.12/turn              C - +4 ring of strength

@: mighty, hasted, very quick
A: retaliatory headbutt, horns 2
a: Minor Destruction, Lesser Servant of Makhleb, Major Destruction, Greater
Servant of Makhleb, Renounce Religion


You were on level 15 of the Dungeon.
You worshipped Makhleb.
Makhleb was exalted by your worship.
You were not hungry.

You visited 2 branches of the dungeon, and saw 16 of its levels.
You also visited: Ossuary.

You collected 1038 gold pieces.

Inventory:

Hand Weapons
 h - the +12 rapier of Wealth {protect, Int+2 Dex+4, unknown}
   (You found it on level 8 of the Dungeon)

   It grants its wielder temporary protection when it strikes (+7 to AC).
   It affects your intelligence (+2).
   It affects your dexterity (+4).
 B - a +4 war axe of pain
 N - a cursed +1 morningstar of protection (weapon)
Missiles
 e - 25 poisoned darts (quivered)
 G - 13 curare-tipped darts
Armour
 c - a +0 shield (worn)
 g - a +0 plate armour (worn)
 n - a +0 pair of gloves
 z - a scarf of cloud immunity (worn)
 S - a +1 pair of gloves (worn)
Jewellery
 p - an uncursed ring of ice
 w - a ring of positive energy (left hand)
 C - a +4 ring of strength (right hand)
 P - the amulet of the Foremost People (around neck) {Faith rPois Dex+2}
   (You found it on level 15 of the Dungeon)

   [amulet of faith]

   It allows you to gain divine favour quickly.
   It affects your dexterity (+2).
   It protects you from poison.
Wands
 d - a wand of polymorph (11)
 t - a wand of flame (32)
 y - a wand of disintegration (9)
 A - a wand of iceblast (20)
 H - a wand of paralysis (15)
 I - a wand of random effects (8)
 R - a wand of acid (9)
Scrolls
 k - 3 scrolls of enchant armour
 l - 7 scrolls of remove curse
 m - 5 scrolls of teleportation
 o - a scroll of fear
 r - a scroll of fog {unknown}
 M - a scroll of acquirement {unknown}
 O - a scroll of amnesia {unknown}
 Q - 2 scrolls of blinking {unknown}
Potions
 a - 2 potions of invisibility
 b - a potion of ambrosia {unknown}
 i - a potion of lignification {unknown}
 j - 6 potions of curing
 q - a potion of degeneration {unknown}
 s - 3 potions of resistance
 u - 2 potions of might
 v - 3 potions of flight
 D - a potion of haste
 F - 3 potions of berserk rage
 J - a potion of magic {unknown}
 K - 2 potions of brilliance
Miscellaneous
 L - a lamp of fire
Comestibles
 f - 33 rations


   Skills:
 - Level 10.0 Fighting
 - Level 16.0 Axes
 + Level 9.7 Armour
 + Level 6.9 Dodging
 + Level 12.3 Shields


You had 11 spell levels left.
You didn't know any spells.
Your spell library contained the following spells:

 Spells                   Type           Power        Failure   Level  Hunger
 Animate Skeleton         Necr           N/A          99%         1    ##.....
 Apportation              Tloc           #.....       99%         1    ##.....
 Confusing Touch          Hex            #.....       99%         1    ##.....
 Summon Small Mammal      Summ           #...         99%         1    ##.....


Dungeon Overview and Level Annotations

Branches:
Dungeon (15/15)            Temple (1/1) D:4            Lair (0/6) D:11
    Orc (0/2) D:12        Ossuary (visited)
 Vaults: D:13-14     Depths: D:15

Altars:
Ashenzari
Cheibriados
Dithmenos
Elyvilon
Fedhas
Gozag
Hepliaklqana
Kikubaaqudgha
Makhleb
Nemelex Xobeh
Okawaru
Qazlal
Ru
Sif Muna
Trog
Uskayaw
Vehumet
Wu Jian
Xom
Yredelemnul
Zin
The Shining One
Beogh

Shops:
D:6 *   D:9 *   D:12 *

Annotations:
D:8 3 runed translucent doors, Ignak's ghost, novice GnWz; Sondor's ghost, novice DsGl; iamserjio's ghost, novice OpWn; maff75's ghost, novice KoHu; opiumtea's ghost, novice CeAK


Innate Abilities, Weirdness & Mutations

You reflexively headbutt those who attack you in melee.
You have a pair of horns on your head.


Message History

The eight-headed hydra bites you.
* * * LOW HITPOINT WARNING * * *
You block the eight-headed hydra's attack.
The eight-headed hydra misses you. The eight-headed hydra bites you!
* * * LOW HITPOINT WARNING * * *
The eight-headed hydra bites you but does no damage.
You feel better.
You carefully extract the barbed spikes from your body.
You feel as though your hastened speed will last longer.
The eight-headed hydra bites you.
* * * LOW HITPOINT WARNING * * *
The eight-headed hydra bites you but does no damage.
You block the eight-headed hydra's attack.
The eight-headed hydra closely misses you.
The eight-headed hydra bites you but does no damage.
The eight-headed hydra bites you.
* * * LOW HITPOINT WARNING * * *
You block the eight-headed hydra's attack.
The eight-headed hydra bites you!
You die...

##. #... ##.... ..# #
#...... .... ###
##....... .... ..##
##(....... .... ...##
##.D....... . ...
....##########..@.......
.. #.
........................
...#.
.........)..(...........
.)...
........((###...........
.....
......((#####...........
..... .......(.#
#............ ^....
^...).(.## #............
..... .....รท))#
#............ ....
#.....)[## #............
...


You could see an eight-headed hydra.

Vanquished Creatures
  Kirke (D:12)
  4 two-headed ogres
  An unseen horror (D:11)
  A wizard (D:11)
  An orc knight (D:15)
  2 manticores
  3 cyclopes
  Psyche (D:12)
  A komodo dragon (D:11)
  The ghost of DildoBatman the Conjurer, a novice FoWz (D:5)
  4 slime creatures (D:15)
  3 hornets
  4 trolls
  3 hippogriffs
  5 large abominations (D:11)
  A spriggan (D:9)
  A wraith (D:11)
  A wyvern (D:11)
  A hog (D:11)
  12 yaks (D:11)
  A steam dragon (D:10)
  7 small abominations (D:11)
  Menkaure (D:5)
  3 vampire mosquitoes (D:15)
  A soldier ant (D:15)
  A meliai simulacrum (D:15)
  An ice beast (D:9)
  4 sky beasts
  6 orc warriors
  2 necrophages
  7 ogres
  A phantom (D:8)
  A centaur (D:15)
  Blork the orc (D:5)
  8 bullfrogs
  A gnoll sergeant (D:9)
  2 big kobolds
  A water moccasin skeleton (D:12)
  A scorpion (D:4)
  8 killer bees
  11 wights
  4 howler monkeys
  A lava snake (D:10)
  2 crimson imps
  9 hounds
  2 centaur zombies
  A quasit (D:4)
  2 bullfrog zombies (D:11)
  2 bullfrog skeletons
  4 centaur skeletons
  2 jellies
  11 orc wizards
  3 human zombies (Ossuary)
  5 orc priests
  A gnoll shaman (D:5)
  Terence (D:3)
  3 iguanas
  10 worker ants
  2 big kobold zombies (Ossuary)
  4 hound zombies
  4 mummies (Ossuary)
  Robin (D:2)
  13 gnolls
  12 adders
  2 shadow imps
  2 oozes
  3 adder zombies
  4 worms
  An adder skeleton (D:4)
  6 dart slugs (D:4)
  6 leopard geckos
  40 orcs
  3 ball pythons
  9 bats
  3 giant cockroaches
  4 hobgoblins (D:2)
  2 jackals (D:2)
  15 kobolds
  3 quokkas
  4 frilled lizards
  A gnoll zombie (Ossuary)
  13 goblins
  A hobgoblin zombie (Ossuary)
  A jackal zombie (Ossuary)
  A kobold zombie (Ossuary)
  5 rats
348 creatures vanquished.

Vanquished Creatures (others)
  A human (D:12)
  A leopard gecko (D:5)
  A plant (D:15)
  5 toadstools (D:1)
8 creatures vanquished.

Grand Total: 356 creatures vanquished

Notes
Turn   | Place    | Note
-------+----------+-------------------------------------------
     0 | D:1      | Gildeon the Minotaur Fighter began the quest for the Orb.
     0 | D:1      | Reached XP level 1. HP: 19/19 MP: 0/0
   201 | D:1      | Reached skill level 3 in Axes
   497 | D:1      | Reached XP level 2. HP: 26/26 MP: 1/1
   672 | D:2      | Found a burning altar of Makhleb.
   674 | D:2      | Found a shimmering altar of Xom.
   680 | D:2      | Became a worshipper of Makhleb the Destroyer
   703 | D:2      | Reached skill level 4 in Axes
   726 | D:2      | Reached XP level 3. HP: 30/31 MP: 2/2
   815 | D:2      | Noticed Robin
   846 | D:2      | Killed Robin
   846 | D:2      | Reached skill level 5 in Axes
  1156 | D:2      | Reached XP level 4. HP: 39/39 MP: 3/3
  1400 | D:2      | Reached * piety under Makhleb
  1836 | D:3      | Reached skill level 6 in Axes
  1837 | D:3      | Reached XP level 5. HP: 42/45 MP: 4/4
  1983 | D:3      | Noticed Terence
  1992 | D:3      | Killed Terence
  1992 | D:3      | Reached skill level 7 in Axes
  2375 | D:4      | Found a sand-covered staircase.
  2380 | Ossuary  | Entered an ossuary
  2386 | Ossuary  | Reached ** piety under Makhleb
  2396 | Ossuary  | Reached XP level 6. HP: 29/51 MP: 5/5
  2398 | Ossuary  | Reached skill level 8 in Axes
  2808 | D:4      | Reached skill level 9 in Axes
  2857 | D:4      | Reached XP level 7. HP: 31/57 MP: 6/6
  2869 | D:4      | Found a staircase to the Ecumenical Temple.
  2875 | Temple   | Entered the Ecumenical Temple
  3455 | D:4      | Reached skill level 10 in Axes
  4022 | D:5      | Entered Level 5 of the Dungeon
  4154 | D:5      | Found a shimmering blue altar of Sif Muna.
  4195 | D:5      | Reached skill level 11 in Axes
  4198 | D:5      | Reached XP level 8. HP: 50/64 MP: 7/7
  4317 | D:5      | Noticed Blork the orc
  4330 | D:5      | Killed Blork the orc
  4502 | D:5      | Noticed Menkaure
  4510 | D:5      | Killed Menkaure
  4790 | D:5      | Noticed DildoBatman's ghost (novice FoWz)
  4791 | D:5      | Found a runed translucent door.
  4806 | D:5      | Killed DildoBatman's ghost
  4806 | D:5      | Reached skill level 12 in Axes
  4900 | D:6      | Reached *** piety under Makhleb
  5186 | D:6      | Reached skill level 13 in Axes
  5417 | D:6      | Found a radiant altar of Vehumet.
  5917 | D:6      | Found Nousoi Kyet's Assorted Antiques.
  6311 | D:7      | Found an iron altar of Okawaru.
  6370 | D:7      | Reached XP level 9. HP: 29/70 MP: 8/8
  6607 | D:7      | Reached skill level 14 in Axes
  6704 | D:7      | Found a snail-covered altar of Cheibriados.
  6705 | D:7      | Found a stormy altar of Qazlal.
  6747 | D:7      | Found an ancient bone altar of Kikubaaqudgha.
  7115 | D:8      | Got an ichor-stained rapier
  7153 | D:8      | Found a glowing silver altar of Zin.
  7246 | D:8      | Found a runed translucent gate.
  7246 | D:8      | Found a runed translucent gate.
  7247 | D:8      | Found a runed translucent gate.
  7247 | D:8      | Noticed iamserjio's ghost (novice OpWn)
  7248 | D:8      | Noticed maff75's ghost (novice KoHu)
  7248 | D:8      | Noticed Ignak's ghost (novice GnWz)
  7248 | D:8      | Noticed Sondor's ghost (novice DsGl)
  7249 | D:8      | Noticed opiumtea's ghost (novice CeAK)
  7408 | D:9      | Reached skill level 15 in Axes
  7555 | D:9      | Noticed a two-headed ogre
  7560 | D:9      | Killed a two-headed ogre
  7560 | D:9      | Reached skill level 5 in Fighting
  7560 | D:9      | Reached skill level 5 in Shields
  7560 | D:9      | Reached XP level 10. HP: 67/83 MP: 9/9
  7794 | D:8      | Reached **** piety under Makhleb
  8184 | D:9      | Found Zieffuf's Assorted Antiques.
  8207 | D:9      | Noticed a two-headed ogre
  8220 | D:9      | Killed a two-headed ogre
  8220 | D:9      | Reached skill level 5 in Armour
  8425 | D:10     | Entered Level 10 of the Dungeon
  8467 | D:10     | Reached skill level 1 in Dodging
  8875 | D:10     | Reached ***** piety under Makhleb
  9549 | D:10     | Reached skill level 16 in Axes
  9831 | D:11     | Paralysed by a hornet for 3 turns
 10018 | D:11     | Noticed a cyclops
 10033 | D:11     | Killed a cyclops
 10033 | D:11     | Reached XP level 11. HP: 36/90 MP: 10/10
 10286 | D:11     | Found a staircase to the Lair.
 10542 | D:11     | Killed an unseen horror
 10876 | D:11     | Reached skill level 5 in Dodging
 11269 | D:11     | Reached skill level 10 in Shields
 11283 | D:11     | Noticed a wizard
 11290 | D:11     | Killed a wizard
 11525 | D:12     | Noticed Kirke
 11649 | D:12     | Found an opulent altar of Gozag.
 11653 | D:12     | Noticed Psyche
 11668 | D:12     | Killed Psyche
 11962 | D:12     | Killed Kirke
 11982 | D:12     | Found Iwuliemiso's Demolitions Depot.
 12014 | D:12     | Reached XP level 12. HP: 101/105 MP: 11/11
 12219 | D:12     | Noticed a two-headed ogre
 12235 | D:12     | Killed a two-headed ogre
 12263 | D:12     | Found a staircase to the Orcish Mines.
 12276 | D:12     | Found a roughly hewn altar of Beogh.
 12670 | D:13     | Reached skill level 10 in Fighting
 12728 | D:13     | You fall into a shaft and drop 2 floors!
 12728 | D:15     | Entered Level 15 of the Dungeon
 12763 | D:15     | Got a vibrating amethyst amulet
 12770 | D:15     | Identified the amulet of the Foremost People {Faith rPois
                  | Dex+2} (You found it on level 15 of the Dungeon)
 12772 | D:14     | Noticed an eight-headed hydra
 13307 | D:15     | Reached ****** piety under Makhleb
 13451 | D:15     | Noticed a two-headed ogre
 13461 | D:15     | Killed a two-headed ogre
 13543 | D:15     | HP: 3/106 [eight-headed hydra (9)]
 13545 | D:15     | Slain by an eight-headed hydra

Levels and vault maps discovered:
D:1:      ldierk_walled_garden, layout_loops_ring, minmay_misc_feat_four_crosses
D:2:      layout_loops_ring, chequers_temple_overflow_statue_of_worship,
          uniq_robin
D:3:      layout_loops_ring, first_ration, cheibrodos_gnoll_hut, uniq_terence
D:4:      kennysheep_slugbush, layout_cave_pods, minmay_temple_entry_wispy,
          nicolae_ossuary_entry_plus, minivault_27
D:5:      layout_basic, lemuel_doored_altar, gammafunk_ghost_grave,
          lemuel_old_faithful, uniq_menkaure, uniq_blork_the_orc
D:6:      layout_layer_cave, vehumet_altar_wand_db, serial_shops,
          nicolae_shop_behind_doors, corexii_item_surrounded_by_moat
D:7:      layout_rooms, gammafunk_temple_overflow_statue, lemuel_crystal_altar,
          okawaru_gym_becter
D:8:      layout_basic, kennysheep_mini, gammafunk_ghost_cemetery
D:9:      layout_cave_pools, serial_shops, nicolae_shop_crystal, the_bakery,
          minmay_fractal_squares_gapless_5
D:10:     layout_basic, kennysheep_island_fort
D:11:     layout_basic, lair_entry_dummy, hangedman_decor_push, laboratory
D:12:     layout_basic, minmay_orc_entry_temple_small, nicolae_blasting_shop,
          grunt_gozag_statues, uniq_kirke, uniq_psyche
D:13:     layout_long_grid, skrybe_vaults_entry_preservation, bh_walls_and_bars
D:14:     layout_layer_cave, minmay_misc_feat_columns, nicolae_twisting_strands,
          uniq_josephine
D:15:     hangedman_depths_entry_try_elsewhere_first, layout_cave_pods,
          serial_bayou_pond_c, serial_glass, glass_columns_a, glass_columns_a
Temple:   oiseaux_autumnal_temple

Skill      XL: |  1  2  3  4  5  6  7  8  9 10 11 12 |
---------------+-------------------------------------+-----
Axes           | 3 4 5 6 7 9 11 13 15 16 | 16.0
Fighting       | 5 6 9 10 | 10.0
Shields        | 5 8 11 12 | 12.3
Armour         | 5 7 9 |  9.7
Dodging        | 4 5 6 |  6.9

Action                   |  1- 3 |  4- 6 |  7- 9 | 10-12 || total
-------------------------+-------+-------+-------+-------++-------
Melee: War axe           |    62 |   157 |   264 |   577 ||  1060
       Headbutt          |     8 |    26 |    45 |   127 ||   206
       Unarmed           |     4 |       |       |       ||     4
Throw: Dart              |       |       |     2 |    61 ||    63
  Use: Potion            |     2 |       |     1 |    10 ||    13
       Scroll            |       |     2 |     8 |    10 ||    20
  Eat: Chunk             |     1 |     6 |    14 |    20 ||    41
Armor: Scale mail        |    19 |       |       |       ||    19
       Plate armour      |    25 |   119 |   106 |   221 ||   471
Dodge: Dodged            |    21 |    23 |    29 |   126 ||   199
Block: Shield            |    40 |   114 |   101 |   315 ||   570
